 Dungeon Crawl Stone Soup version 0.31-a0-1278-g11c5b68f87 (webtiles) character file.

Game seed: 14973319389701361748

1349 Darkkill the Shooter (level 8, -2/62 (71) HPs)
             Began as a Minotaur Hunter on Dec 18, 2023.
             Was a Priest of Nemelex Xobeh.
             Slain by a wight
             ... wielding a +5 morningstar
              (8 damage)
             ... on level 5 of the Dungeon.
             The game lasted 00:09:39 (4121 turns).

Darkkill the Shooter (Minotaur Hunter)              Turns: 4121, Time: 00:09:40

HP:   -2/62 (71)    AC:  5    Str: 17    XL:     8   Next: 36%
MP:   7/7           EV: 14    Int:  6    God:    Nemelex Xobeh [***...]
Gold: 101           SH:  0    Dex: 15    Spells: 7/7 levels left

rFire   . . .        a - +0 orcbow (heavy)
rCold   . . .        (shield currently unavailable)
rNeg    . . .        c - +0 leather armour
rPois   .            (helmet restricted)
rElec   .            (no cloak)
rCorr   .            l - +1 pair of gloves
SInv    .            (no boots)
Will    .....        n - amulet of regeneration
Stlth   +++          (no ring)
HPRegen 1.10/turn    (no ring)
MPRegen 0.10/turn

%: no passive effects
@: heavily drained
A: horns 2, retaliatory headbutt
a: Renounce Religion, Draw Escape, Draw Destruction, Draw Summoning, Triple Draw


You were on level 5 of the Dungeon.
You worshipped Nemelex Xobeh.
Nemelex Xobeh was most pleased with you.
You visited 1 branch of the dungeon, and saw 6 of its levels.
You also visited: Sewer.

You collected 243 gold pieces.
You spent 142 gold pieces at shops.

Inventory:

Hand Weapons
 a - a +0 heavy orcbow (weapon)
 b - the +1 spear "Atunog" {spect, rPois}
   (You found it on level 3 of the Dungeon)

   rPois:     It protects you from poison
Missiles
 d - 129 stones
 e - 4 boomerangs
 g - 27 poisoned darts
 h - a curare-tipped dart {=f !f}
 j - 3 throwing nets {=f !f}
 p - 4 datura-tipped darts
Armour
 c - a +0 leather armour (worn)
 l - a +1 pair of gloves (worn)
Jewellery
 n - an amulet of regeneration (around neck)
 t - a ring of positive energy
Scrolls
 k - a scroll of amnesia
 q - a scroll of butterflies
 s - a scroll of poison
Potions
 f - 3 potions of brilliance
 i - 6 potions of might
 o - 2 potions of invisibility {unknown}
 r - a potion of curing {unknown}


   Skills:
 + Level 6.5 Fighting
 + Level 7.1 Ranged Weapons
 + Level 6.0 Dodging
 + Level 4.6 Stealth


You had 7 spell levels left.
You didn't know any spells.
Your spell library contained the following spells:

 Spells                   Type           Power      Damage    Failure   Level
 Cigotuvi's Dreadful Rot  Necr/Pois/Air  0%         N/A       67%         2
 Dispel Undead            Necr           0%         3d6       99%         4
 Death Channel            Necr           0%         N/A       100%        6


Dungeon Overview and Level Annotations

Branches:
Dungeon (6/15)              Sewer (visited)
 Temple: D:4-7

Altars:
Fedhas
Kikubaaqudgha
Nemelex Xobeh
Okawaru
Sif Muna
Wu Jian
The Shining One

Shops:
D:1 (   D:2 [   D:4 :   D:5 ?

Annotations:
D:3 1 runed translucent door, TransRights's ghost, amateur MiBe
D:5 1 runed translucent door, Crazy Yiuf
D:6 Jeremiah


Innate Abilities, Weirdness & Mutations

You have a pair of horns on your head.
You reflexively headbutt those who attack you in melee.


Message History

The yak bellows!
You hear a bellow!
The iguana hisses angrily.
There is a stone staircase leading up here.
There are monsters nearby!
You shoot an arrow. The arrow hits the wight!!
The wight is almost destroyed.
The orc shouts!
The wight barely misses you. The wight misses you. The wight misses you.
The wight barely misses you. The wight closely misses you.
You climb upwards.
Level annotation: 1 runed translucent door, Crazy Yiuf
There is a stone staircase leading down here.
The wight hits you with a +0 dire flail.
You feel drained. The wight closely misses you. The wight barely misses you.
You shoot an arrow. The arrow hits the wight!
The wight is almost destroyed.
The wight barely misses you. The wight hits you with a +0 halberd!
You feel drained. The wight hits you with a +0 flail.
The wight barely misses you. x2; The wight hits you but does no damage.
You shoot an arrow. The arrow hits the wight!
You destroy the wight!
The wight closely misses you. The wight misses you. You furiously retaliate!
You headbutt the wight.
You destroy the wight!
The wight barely misses you. You furiously retaliate!
You headbutt the wight!
Your Ranged Weapons skill increases to level 7!
You shoot an arrow. The arrow closely misses the wight.
The wight closely misses you. You furiously retaliate!
You headbutt the wight!
You destroy the wight!
Your life force feels restored.
Your Dodging skill increases to level 6!
HP restored.
There's something in the way.
There's something in the way.
Could not explore, unopened runed door.
There is an open door here.
You see here a +0 hand axe.
There is an open door here.
Things that are here:
a +0 halberd; a +0 robe
Things that are here:
a +0 flail; a +0 robe
There is a stone staircase leading down here.
Things that are here:
a +0 dire flail; a +0 robe
There is a stone staircase leading down here.
You climb downwards.
The wight hits you with a +5 morningstar!
A yak comes into view.
The yak misses you. You furiously retaliate!
You headbutt the yak! The iguana misses you. You furiously retaliate!
You headbutt the iguana, but do no damage.
The iguana barely misses you. You furiously retaliate!
You headbutt the iguana.
The wight hits you with a +5 morningstar.
You feel drained. The yak gores you.
A yak comes into view. x2
There is a stone staircase leading up here.
You shoot an arrow. The arrow barely misses the yak.
The lemure shouts!
The yak bellows! x2
The arrow hits the yak!!
The yak is severely wounded.
The wight hits you with a +5 morningstar!
You feel drained. The yak closely misses you. The iguana barely misses you.
You furiously retaliate!
You headbutt the iguana.
The wight hits you with a +5 morningstar!
You feel drained.
A yak comes into view.
The iguana hisses menacingly.
The iguana bites you! The orc misses you. The yak misses you.
You are too injured to fight recklessly!
You are too injured to fight recklessly!
The wight hits you with a +5 morningstar!
* * * LOW HITPOINT WARNING * * *
The yak closely misses you. The orc hits you with a +0 club.
* * * LOW HITPOINT WARNING * * *
The iguana closely misses you.
You climb upwards.
Level annotation: 1 runed translucent door, Crazy Yiuf
There is a stone staircase leading down here.
Read: scroll of fear
Press: ? - help, Q - select action, (/) - cycle Dir - look around, f - activate Look: an orc, wielding a +0 club and wearing a +0 ring mail (chance to affect: 99%)
As you read the scroll of fear, it crumbles to dust.
You assume a fearsome visage.
The iguana looks frightened!
The wight is unaffected.
The orc looks frightened!
The yak looks frightened!
The wight hits you with a +5 morningstar.
* * * LOW HITPOINT WARNING * * *
You feel much better.
The wight hits you with a +5 morningstar!
You feel drained.
* * * LOW HITPOINT WARNING * * *
You shoot an arrow. The arrow closely misses the wight.
The wight hits you with a +5 morningstar!
* * * LOW HITPOINT WARNING * * *
You feel drained.
You shoot an arrow. The arrow completely misses the wight.
The wight hits you with a +5 morningstar!
You die...
Your body disappears without a glow.

#.#.###.# #.).....######..#
#.#.# #.# #.####### #..# #.#.#
#.# #.# #... #####.#.###.####.#
##.# #..........#.o...# #.#
#.###.###.#.##..## #####..
#.#.......#.#8..8## #......
#.#.#####.##..[z..########.####.
#.#.# #.##...@...Y.......# #.
#.#.# #8###8[.8########### #.
#.#.# #.# ##..## #. ##.#.#####∩#
#.## #. ...#.......# #l# #.
##.####.##<# ### #######.
#.....#...########### #.......
######.##8..8...8...#####.###.##
#......8.8.8.8.....#.##...#


You could see a yak (fleeing), an iguana (fleeing), a wight and an orc
(fleeing).

Vanquished Creatures
  Menkaure (D:5)
  A centaur (D:5)
  A kobold brigand (Sewer)
  2 scorpions
  3 wights (D:5)
  A quasit (Sewer)
  2 jellies
  3 hounds (D:5)
  An orc priest (D:5)
  3 iguanas
  8 adders
  A shadow imp (Sewer)
  3 white imps
  An ufetubus (Sewer)
  An adder zombie (Sewer)
  2 worms
  2 dart slugs
  13 orcs
  A bat zombie (Sewer)
  6 endoplasms
  A giant cockroach (D:3)
  4 goblins
  13 hobgoblins
  23 kobolds
  5 quokkas
  10 ball pythons
  2 bats (D:3)
  A frilled lizard (D:1)
  3 goblin skeletons (D:3)
  A goblin zombie (D:3)
  3 hobgoblin zombies (D:3)
  A kobold zombie (Sewer)
  An orc skeleton (D:3)
  2 orc zombies (D:3)
  7 rats
  2 rat zombies (D:4)
135 creatures vanquished.

Vanquished Creatures (collateral kills)
  Grinder (Sewer)
  A kobold brigand (Sewer)
  An ufetubus (Sewer)
3 creatures vanquished.

Vanquished Creatures (others)
  An ufetubus (Sewer)
  An endoplasm (Sewer)
2 creatures vanquished.

Grand Total: 140 creatures vanquished

Notes
Turn   | Place    | Note
-------+----------+-------------------------------------------
     0 | D:1      | Darkkill the Minotaur Hunter began the quest for the Orb.
     0 | D:1      | Reached XP level 1. HP: 18/18 MP: 0/0
     3 | D:1      | Noticed an electric eel
     4 | D:1      | Noticed an electric eel
   115 | D:1      | Reached skill level 1 in Stealth
   182 | D:1      | Reached XP level 2. HP: 25/25 MP: 1/1
   231 | D:1      | Found Akeeroz's Antique Weapon Shoppe.
   387 | D:1      | Found a faded altar of an unknown god.
   833 | D:1      | Prayed at the altar of an unknown god.
   833 | D:1      | Became a worshipper of Nemelex Xobeh the Trickster
   833 | D:1      | Reached * piety under Nemelex Xobeh
   833 | D:1      | Received a gift from Nemelex Xobeh
   924 | D:2      | Reached XP level 3. HP: 31/31 MP: 2/2
  1001 | D:2      | Found Hulim's Antique Armour Shoppe.
  1628 | D:3      | Reached ** piety under Nemelex Xobeh
  1670 | D:3      | Reached XP level 4. HP: 38/38 MP: 3/3
  1676 | D:3      | Found a glowing golden altar of the Shining One.
  1767 | D:3      | Identified the +1 spear "Atunog" {spect, rPois}
  1772 | D:3      | Found an iron altar of Okawaru.
  1798 | D:3      | Found a blossoming altar of Fedhas.
  1841 | D:3      | Found a glowing drain.
  1848 | Sewer    | Entered a sewer
  1894 | Sewer    | Reached skill level 5 in Ranged Weapons
  1943 | Sewer    | Noticed a kobold brigand
  1967 | Sewer    | Killed a kobold brigand
  1968 | Sewer    | Reached XP level 5. HP: 42/46 MP: 4/4
  1996 | Sewer    | Noticed Grinder
  2001 | Sewer    | HP: 8/46 [ball python (2)]
  2004 | Sewer    | Found a burning altar of Makhleb.
  2023 | Sewer    | Killed Grinder
  2024 | Sewer    | Reached XP level 6. HP: 38/53 MP: 5/5
  2250 | D:3      | Reached skill level 5 in Fighting
  2274 | D:3      | Found a runed translucent door.
  2277 | D:3      | Noticed TransRights's ghost (amateur MiBe)
  2394 | D:3      | Reached XP level 7. HP: 61/61 MP: 6/6
  2414 | D:3      | Found an ornate altar of the Wu Jian Council.
  2590 | D:4      | Reached skill level 6 in Ranged Weapons
  2615 | D:4      | Found a shimmering blue altar of Sif Muna.
  2822 | D:4      | Found an ancient bone altar of Kikubaaqudgha.
  3000 | D:4      | Found Wase's Self-Published Books.
  3140 | D:5      | Entered Level 5 of the Dungeon
  3210 | D:5      | Reached skill level 5 in Dodging
  3303 | D:5      | Found Tiupt's Magic Scroll Emporium.
  3309 | D:5      | Bought a scroll of brand weapon for 142 gold pieces
  3320 | D:5      | Reached *** piety under Nemelex Xobeh
  3320 | D:5      | Received a gift from Nemelex Xobeh
  3347 | D:5      | Found a runed translucent door.
  3348 | D:5      | Noticed Crazy Yiuf
  3425 | D:5      | Noticed Menkaure
  3433 | D:5      | Killed Menkaure
  3509 | D:5      | Reached XP level 8. HP: 62/70 MP: 7/7
  3972 | D:5      | Reached skill level 7 in Ranged Weapons
  4116 | D:6      | Noticed Jeremiah
  4120 | D:5      | HP: 4/64 [wight/+5 morningstar (13)]
  4121 | D:5      | Slain by a wight

Illustrated notes

Levels and vault maps discovered:
D:1:      arrival_aquarium_b, layout_loops_ring, shapermc_ecumenical_altar_venn,
          serial_shops, shop
D:2:      layout_basic, serial_shops, nicolae_shop_behind_doors
D:3:      layout_rooms, old_standard_altar, mainiacjoe_overflow_six_doors_small,
          nicolae_tso_besieged_by_evil, mainiacjoe_overflow_paths,
          ebering_ghost_sewer_d, gup_sewer_entry_bowl
D:4:      layout_cave_pools, lemuel_zombie_altar_kikubaaqudgha,
          overflow_temple_1_default, nicolae_custom_books,
          hangedman_abyss_or_decor_passed
D:5:      layout_loops_ring, serial_shops, shop_statue, minmay_misc_feat_chi,
          small_statue_alley_b, st_stairs_6, minmay_misc_feat_nine_boxes,
          kennysheep_generic_room_13, uniq_crazy_yiuf_cottage, uniq_menkaure
D:6:      layout_cave_pools, temple_hall, hellmonk_no_cap, uniq_pikel,
          uniq_jeremiah, uniq_duvessa

Skill      XL: |  1  2  3  4  5  6  7  8 |
---------------+-------------------------+-----
Stealth        | 1 2 3 4 |  4.6
Fighting       | 3 4 5 6 |  6.5
Dodging        | 3 4 5 6 |  6.0
Ranged Weapons | 5 6 7 |  7.1

Action                     |  1- 3 |  4- 6 |  7- 9 || total
---------------------------+-------+-------+-------++-------
   Fire: Shortbow          |   108 |   160 |   131 ||   399
         Orcbow            |       |       |    28 ||    28
 Invoke: Draw Destruction  |       |     2 |       ||     2
         Draw Summoning    |       |     2 |       ||     2
    Use: Scroll            |     5 |     4 |     5 ||    14
         Potion            |       |     1 |     4 ||     5
 Armour: Leather armour    |    16 |    72 |    69 ||   157
  Dodge: Dodged            |    22 |    88 |    90 ||   200

Table legend: (Time is in decaauts)
 A = Elapsed time spent in this place.
 B = Non-inter-level travel time spent in this place.
 C = Inter-level travel time spent in this place.
 D = Time resting spent in this place.
 E = Time spent auto-exploring this place.
 F = Levels seen in this place.
 G = Mean time per level.
                   A        B        C        D        E       F      G
               +--------+--------+--------+--------+--------+-----+--------+
         Total |   4225 |   3935 |    290 |    100 |   2910 |   7 |  603.6 |
       Dungeon |   3816 |   3526 |    290 |    100 |   2715 |   6 |  636.0 |
         Sewer |    408 |    408 |      0 |      0 |    194 |   1 |  408.0 |
               +--------+--------+--------+--------+--------+-----+--------+

Top non-repeatable levels by time:
     D:5: 1000 daAuts
     D:1: 899 daAuts
     D:2: 748 daAuts
     D:4: 597 daAuts
     D:3: 562 daAuts
   Sewer: 408 daAuts
     D:6: 7 daAuts

Levels and vault maps discovered:
D:1:      arrival_aquarium_b, layout_loops_ring, shapermc_ecumenical_altar_venn,
          serial_shops, shop
D:2:      layout_basic, serial_shops, nicolae_shop_behind_doors
D:3:      layout_rooms, old_standard_altar, mainiacjoe_overflow_six_doors_small,
          nicolae_tso_besieged_by_evil, mainiacjoe_overflow_paths,
          ebering_ghost_sewer_d, gup_sewer_entry_bowl
D:4:      layout_cave_pools, lemuel_zombie_altar_kikubaaqudgha,
          overflow_temple_1_default, nicolae_custom_books,
          hangedman_abyss_or_decor_passed
D:5:      layout_loops_ring, serial_shops, shop_statue, minmay_misc_feat_chi,
          small_statue_alley_b, st_stairs_6, minmay_misc_feat_nine_boxes,
          kennysheep_generic_room_13, uniq_crazy_yiuf_cottage, uniq_menkaure
D:6:      layout_cave_pools, temple_hall, hellmonk_no_cap, uniq_pikel,
          uniq_jeremiah, uniq_duvessa

Table legend: (Time is in decaauts)
 A = Elapsed time spent in this place.
 B = Non-inter-level travel time spent in this place.
 C = Inter-level travel time spent in this place.
 D = Time resting spent in this place.
 E = Time spent auto-exploring this place.
 F = Levels seen in this place.
 G = Mean time per level.
                   A        B        C        D        E       F      G
               +--------+--------+--------+--------+--------+-----+--------+
         Total |   4225 |   3935 |    290 |    100 |   2910 |   7 |  603.6 |
       Dungeon |   3816 |   3526 |    290 |    100 |   2715 |   6 |  636.0 |
         Sewer |    408 |    408 |      0 |      0 |    194 |   1 |  408.0 |
               +--------+--------+--------+--------+--------+-----+--------+

Top non-repeatable levels by time:
     D:5: 1000 daAuts
     D:1: 899 daAuts
     D:2: 748 daAuts
     D:4: 597 daAuts
     D:3: 562 daAuts
   Sewer: 408 daAuts
     D:6: 7 daAuts

Table legend:
 A = Kills in this place as a percentage of kills in the entire game.
 B = Kills by you in this place as a percentage of kills by you in the entire game.
 C = Kills by friends in this place as a percentage of kills by friends in the entire game.
 D = Other kills in this place as a percentage of other kills in the entire game.
 E = Experience gained in this place as a percentage of experience gained in the entire game.
 F = Experience gained in this place divided by the number of levels of this place that you have seen.
                   A       B       C       D       E      F
               +-------+-------+-------+-------+-------+----------------------
         Total | 100.0 | 100.0 | 100.0 | 100.0 | 100.0 | 275.4
       Dungeon |  76.3 |  78.5 |   0.0 |   0.0 |  69.5 | 223.2
         Sewer |  23.7 |  21.5 | 100.0 | 100.0 |  30.5 | 589.0
               +-------+-------+-------+-------+-------+----------------------
